Map: Oxide LE

Players

GoodTrip

  • Race: Protoss Protoss
  • League: Platinum

ViBE - Winner!

  • Race: Zerg Zerg
  • League: Diamond

VOD

https://www.youtube.com/watch?v=IHB_tYDf-s4

Description

Time

  • Played on: April 8, 2021, 11:49 p.m.
  • Length: 11:06
Show
View Real Time Build Order
Export as new Build Order

GoodTrip Protoss 

Build Orders: 1 Gate Expand, Archon Immortal 

Get SALT Encoding   

  12  0:00  Probe  
  13  0:14  Probe  
  14  0:19  Pylon  
  14  0:29  Probe (Chrono Boost)  
  15  0:37  Gateway  
  15  0:41  Probe (Chrono Boost)  
  16  0:46  Assimilator  
  17  0:50  Probe (Chrono Boost)  
  17  0:57  Probe  
  18  1:09  Probe  
  19  1:21  Probe (Chrono Boost)  
  20  1:26  Nexus  
  20  1:33  Probe (Chrono Boost)  
  20  1:38  Pylon  
  21  1:45  Cybernetics Core  
  21  1:52  Probe  
  22  2:05  Probe  
  22  2:07  Assimilator  
  23  2:17  Probe  
  23  2:19  Stalker (Chrono Boost)  
  26  2:22  Warp Gate  
  26  2:28  Gateway  
  27  2:30  Probe (Chrono Boost)  
  27  2:38  Probe (Chrono Boost)  
  27  2:43  Robotics Facility  
  29  2:47  Probe x2 (Chrono Boost)  
  30  2:52  Probe (Chrono Boost)  
  30  2:53  Probe  
  32  3:04  Probe  
  33  3:05  Probe  
  33  3:10  Sentry  
  36  3:15  Stalker  
  36  3:16  Probe (Chrono Boost)  
  40  3:24  Probe (Chrono Boost)  
  40  3:26  Probe (Chrono Boost)  
  41  3:29  Pylon  
  41  3:31  Observer, Probe (Chrono Boost)  
  41  3:32  Probe (Chrono Boost)  
  44  3:41  Stalker  
  46  3:49  Nexus  
  46  3:50  Stalker  
  46  3:51  Probe (Chrono Boost)  
  46  3:54  Probe (Chrono Boost), Pylon  
  51  4:03  Probe (Chrono Boost)  
  51  4:07  Probe (Chrono Boost)  
  52  4:10  Pylon  
  52  4:12  Immortal  
  52  4:14  Assimilator  
  56  4:19  Probe x2 (Chrono Boost), Pylon  
  56  4:23  Assimilator  
  58  4:27  Stalker  
  58  4:31  Probe (Chrono Boost)  
  62  4:34  Stalker  
  62  4:37  Probe (Chrono Boost)  
  64  4:40  Probe (Chrono Boost)  
  64  4:44  Probe (Chrono Boost)  
  66  4:52  Probe  
  67  4:53  Gateway  
  67  4:56  Gateway  
  67  5:00  Pylon  
  67  5:01  Immortal  
  73  5:07  Probe (Chrono Boost)  
  73  5:11  Probe x2 (Chrono Boost)  
  74  5:17  Stalker x2  
  79  5:23  Forge  
  79  5:25  Probe x3 (Chrono Boost)  
  81  5:28  Twilight Council  
  81  5:33  Probe (Chrono Boost)  
  81  5:35  Probe (Chrono Boost)  
  84  5:36  Probe (Chrono Boost)  
  84  5:41  Stalker  
  84  5:42  Probe (Chrono Boost), Stalker  
  88  5:43  Probe (Chrono Boost)  
  88  5:48  Probe (Chrono Boost)  
  91  5:53  Forge  
  91  5:55  Pylon  
  91  5:57  Protoss Ground Weapons Level 1 (Chrono Boost)  
  91  5:58  Probe x2  
  91  5:59  Probe  
  91  6:00  Zealot  
  96  6:07  Stalker  
  96  6:08  Stalker  
  96  6:10  Probe  
  101  6:12  Assimilator  
  101  6:13  Probe x2, Charge (Chrono Boost)  
  101  6:16  Assimilator, Pylon  
  103  6:23  Probe  
  103  6:24  Pylon  
  104  6:26  Probe x2, Zealot  
  104  6:27  Protoss Ground Armor Level 1 (Chrono Boost)  
  104  6:30  Pylon  
  104  6:31  Templar Archives  
  108  6:39  Probe x3  
  111  6:42  Pylon  
  111  6:43  Immortal  
  115  7:00  Nexus  
  115  7:02  Probe x3  
  115  7:03  Pylon  
  115  7:07  Zealot  
  115  7:08  Zealot x2  
  124  7:14  Gateway  
  124  7:17  Gateway  
  124  7:20  Probe x3  
  124  7:21  Gateway  
  127  7:26  Immortal  
  127  7:29  High Templar x4  
  139  7:32  Probe  
  139  7:33  Archon, Pylon  
  139  7:34  Archon  
  139  7:35  Probe  
  139  7:36  Probe  
  142  7:44  Probe  
  142  7:48  Probe  
  144  7:54  Protoss Ground Weapons Level 2 (Chrono Boost)  
  144  7:57  Probe x2  
  146  8:00  Probe  
  146  8:05  Pylon  
  147  8:06  Pylon  
  147  8:08  High Templar x4  
  147  8:12  Archon x2  
  155  8:16  Assimilator  
  155  8:18  Assimilator  
  155  8:21  Gateway x2  
  155  8:24  Gateway  
  155  8:26  Robotics Facility  
  155  8:30  Gateway  
  159  8:34  Immortal  
  159  8:37  Protoss Ground Armor Level 2 (Chrono Boost)  
  159  8:44  Pylon  
  159  8:49  Zealot x7  
  159  8:51  Pylon  
  173  9:01  Gateway  
  173  9:07  Gateway  
  173  9:10  Gateway  
  173  9:12  Gateway  
  173  9:15  Gateway  
  173  9:16  Gateway  
  173  9:17  Immortal  
  173  9:18  Immortal  
  173  9:20  Zealot x9  
  189  9:30  Probe x2  
  120  9:43  Zealot x10  
  120  9:44  Zealot  
  109  9:47  Immortal  
  84  10:06  High Templar x7  
  84  10:07  High Templar x4  
Show
View Real Time Build Order
Export as new Build Order

ViBE Zerg - Winner!

Build Orders: Hatch First, Roach Hydra 

Get SALT Encoding   

  12  0:01  Drone  
  13  0:14  Overlord  
  13  0:17  Drone  
  14  0:33  Drone x2  
  16  0:51  Hatchery  
  15  0:59  Drone x3  
  18  1:15  Spawning Pool  
  17  1:19  Drone  
  17  1:23  Drone  
  19  1:32  Drone  
  20  1:34  Extractor  
  19  1:44  Drone  
  20  2:03  Overlord  
  20  2:04  Queen x2  
  20  2:05  Drone x2  
  26  2:17  Drone x2  
  28  2:28  Drone  
  29  2:31  Overlord  
  29  2:35  Drone  
  30  2:38  Drone  
  30  2:41  Lair  
  30  2:44  Queen  
  31  2:46  Drone  
  34  2:53  Drone  
  35  3:01  Drone x2  
  37  3:09  Overlord  
  37  3:10  Drone  
  38  3:15  Drone x6  
  44  3:20  Roach Warren  
  44  3:22  Evolution Chamber  
  44  3:26  Overlord  
  42  3:28  Drone  
  42  3:32  Extractor  
  42  3:33  Drone x2, Extractor  
  43  3:43  Drone x2  
  43  3:48  Drone x6  
  51  3:59  Zerg Missile Weapons Level 1  
  51  4:00  Glial Reconstitution  
  51  4:03  Hatchery  
  51  4:06  Overlord  
  51  4:07  Overlord  
  51  4:08  Roach  
  52  4:11  Roach  
  54  4:23  Roach  
  54  4:24  Roach x2  
  60  4:30  Roach  
  62  4:43  Drone  
  62  4:44  Drone x5, Queen  
  70  4:52  Overlord  
  70  4:56  Drone  
  70  4:57  Drone x4  
  75  5:01  Overlord  
  75  5:06  Hydralisk Den  
  74  5:07  Drone, Evolution Chamber  
  74  5:15  Drone x3, Extractor  
  76  5:22  Drone  
  76  5:25  Drone  
  76  5:26  Drone x6  
  76  5:27  Drone  
  85  5:37  Grooved Spines  
  85  5:39  Zerg Ground Armor Level 1  
  85  5:40  Overseer  
  85  5:42  Drone x3  
  88  5:45  Drone, Extractor x2  
  87  5:52  Overlord x4  
  87  5:53  Overlord  
  87  6:00  Hydralisk x4  
  87  6:03  Hatchery  
  94  6:19  Hydralisk x8  
  110  6:29  Hydralisk x3  
  110  6:31  Roach  
  118  6:41  Hydralisk  
  120  6:49  Muscular Augments  
  120  6:59  Drone  
  120  7:00  Drone x10  
  131  7:05  Zerg Missile Weapons Level 2  
  131  7:06  Overlord x2  
  131  7:07  Overlord x2  
  131  7:11  Overlord  
  131  7:17  Roach x6  
  143  7:26  Drone  
  143  7:27  Infestation Pit  
  143  7:31  Drone x5  
  148  7:37  Drone  
  148  7:38  Drone x2  
  148  7:41  Hatchery  
  148  7:42  Drone x6  
  156  7:58  Extractor  
  156  8:00  Extractor, Overlord x3  
  156  8:02  Hydralisk x5  
  164  8:06  Hive  
  164  8:30  Hydralisk x5  
  164  8:31  Hydralisk x3  
  164  8:32  Hydralisk x4  
  164  8:33  Hydralisk x2  
  192  8:39  Roach x4  
  180  9:41  Roach x10  
  200  9:52  Lurker Den  
  191  10:05  Spore Crawler  
  191  10:06  Spine Crawler x2  
  188  10:08  Spore Crawler  
  188  10:09  Spine Crawler  
  188  10:10  Spine Crawler  
  188  10:11  Spore Crawler  
  188  10:12  Spine Crawler  
  188  10:13  Spine Crawler  
  182  10:15  Spore Crawler  
  182  10:17  Spine Crawler x2  
  182  10:19  Spore Crawler  
  182  10:20  Spine Crawler x2  
  172  10:26  Drone x14  
  172  10:27  Drone x2  
  172  10:30  Extractor  
  172  10:31  Extractor  
Tags
 
Add a new tag
Caveats
  • Supply blocks, unpowered buildings, or Contaminate may cause inaccurate times.
  • Supply counts are checked every 10 seconds.